AoeStats
← jeff0511

Black Forest

507783355Analyzed
4v4 RM · 13d ago on Sep 19, 2026· 40m 59s· 8 players
Game mode
Random Map
Map size
Large (8 player)
Population
200
Speed
Normal
Resources
Standard
Victory
Conquest
Starting age
Dark Age
Ending age
Imperial Age
RankedLock teamsTeams togetherTeam positionsShared explorationLock speedFull tech treeHidden civsTurbo modeCheats
Victory
Defeat
🇹🇼 Spanish · Taiwan
1091
+15
🇻🇳 Romans · Vietnam
1051
+16
🇹🇼 Khmer · Taiwan
1050
+16
🇹🇼 Bohemians · Taiwan
977
+19
🇺🇸 Britons · United States
1090
-18
🇷🇴 Turks · Romania
1058
-17
🇦🇷 Mongols · Argentina
1051
-16
🇲🇽 Spanish · Mexico
1024
-15
marcobecerrap
10:35 Feudal Age
11:42 Double-Bit Axe
12:33 Wheelbarrow
15:41 Castle Age
14:47 Stone Mining
14:40 Horse Collar
17:07 Bow Saw
22:37 Loom
26:03 Scale Mail Armor
28:08 Pikeman
28:49 Squires
32:33 Forging
kova32ajsk
0:47 Loom
13:36 Feudal Age
15:09 Wheelbarrow
14:22 Double-Bit Axe
20:01 Castle Age
18:10 Stone Mining
20:02 Horse Collar
21:03 Hand Cart
21:59 Bow Saw
25:19 Heavy Plow
29:15 Gold Mining
29:48 Pikeman
30:29 Squires
31:44 Gold Shaft Mining
34:22 Yeomen
KingR
10:36 Feudal Age
11:46 Loom
15:20 Castle Age
13:08 Double-Bit Axe
16:28 Wheelbarrow
16:37 Bow Saw
16:11 Horse Collar
21:39 Hand Cart
21:37 Heavy Plow
23:47 Town Watch
28:52 Imperial Age
26:25 Gold Mining
27:51 Gold Shaft Mining
27:54 Town Patrol
28:46 Padded Archer Armor
28:37 Fletching
29:03 Stone Mining
29:51 Masonry
30:45 Leather Archer Armor
30:25 Bodkin Arrow
31:15 Murder Holes
32:24 Thumb Ring
33:23 Architecture
34:36 Conscription
39:21 Bombard Tower
GonzaloMig
2:02 Loom
11:30 Feudal Age
17:43 Castle Age
16:29 Horse Collar
19:09 Wheelbarrow
18:20 Town Watch
23:55 Stone Mining
24:14 Murder Holes
24:32 Fortified Wall
28:28 Double-Bit Axe
onlysyou13
0:51 Loom
15:25 Feudal Age
20:23 Castle Age
18:42 Double-Bit Axe
19:02 Horse Collar
24:28 Coinage
26:26 Wheelbarrow
27:11 Bow Saw
29:49 Heavy Plow
33:27 Hand Cart
33:01 Town Watch
33:11 Fletching
34:37 Bodkin Arrow
kenghsien77
11:26 Feudal Age
14:09 Castle Age
12:14 Horse Collar
12:58 Double-Bit Axe
17:55 Bloodlines
27:57 Imperial Age
28:45 Wheelbarrow
32:33 Double Crossbow
33:06 Siege Engineers
34:23 Husbandry
34:32 Light Cavalry
36:56 Chemistry
36:20 Conscription
35:24 Elite Ballista Elephant
39:14 Ballistics
40:55 Hussar
jeff0511
13:40 Feudal Age
17:59 Castle Age
24:51 Town Watch
25:43 Double-Bit Axe
25:43 Horse Collar
26:47 Gold Mining
28:31 Coinage
30:24 Bow Saw
30:18 Heavy Plow
31:59 Wheelbarrow
33:08 Hand Cart
40:26 Imperial Age
37:42 Loom
37:49 Loom
38:07 Town Patrol
40:33 Onager
satc1014
10:18 Feudal Age
10:30 Loom
13:46 Castle Age
24:14 Double-Bit Axe
24:11 Horse Collar
32:03 Imperial Age
33:07 Heavy Plow
33:20 Bow Saw
37:22 Forging
37:12 Scale Mail Armor
37:37 Ballistics
38:21 Chemistry
37:27 Siege Engineers
36:45 Heavy Scorpion
38:31 Conscription
38:17 Ballistas
40:01 Gold Mining
40:01 Stone Mining
Connection lost

Rejoining the realm…

Still unreachable

The connection could not be restored.

Session expired

The server has moved on; the page needs a fresh start.